 Dungeon Crawl Stone Soup version 0.22-a0-374-g5dfd9e3 (webtiles) character file.

57 4thArraOfDagon the Magician (level 3, -1/24 HPs)
             Began as a Mummy Ice Elementalist on Apr 26, 2018.
             Slain by a worker ant (6 damage)
             ... on level 4 of the Dungeon.
             The game lasted 00:03:26 (832 turns).

4thArraOfDagon the Magician (Mummy Ice Elementalist) Turns: 832, Time: 00:03:28

Health: -1/24      AC:  3    Str: 15    XL:     3   Next: 73%
Magic:  5/8        EV: 12    Int: 17    God:
Gold:   138        SH:  0    Dex: 12    Spells: 8/9 levels left

rFire    x . .     SeeInvis .   o - +0 scimitar
rCold    + . .     Gourm    .   (no shield)
rNeg     + + +     Faith    .   a - +0 robe
rPois    ∞         Spirit   .   (no helmet)
rElec    .         Reflect  .   (no cloak)
rCorr    .         Harm     .   d - +0 pair of gloves
MR       .....                  (no boots)
Stlth    ++........             (no amulet)
HPRegen  0.08/turn              f - +2 ring of intelligence (curse)
MPRegen  0.11/turn              l - +4 ring of strength

@: no status effects
A: no food or potions, fire vulnerability, cold resistance 1, negative energy
resistance 3, torment resistance, unbreathing
a: no special abilities


You were on level 4 of the Dungeon.
You were not hungry.

You visited 1 branch of the dungeon, and saw 4 of its levels.

You collected 138 gold pieces.

Inventory:

Hand Weapons
 b - a +0 spear
 o - a +0 scimitar (weapon)
Armour
 a - a +0 robe (worn)
 d - a +0 pair of gloves (worn)
Jewellery
 f - a cursed +2 ring of intelligence (left hand)
 l - a +4 ring of strength (right hand)
Scrolls
 c - a scroll of enchant weapon {unknown}
 e - a scroll of amnesia {unknown}
 h - a scroll of fog {unknown}
 i - a scroll of random uselessness {unknown}
 k - 2 scrolls of teleportation
 m - 2 scrolls of identify {unknown}
 n - a scroll of enchant armour {unknown}


   Skills:
 - Level 1.5 Dodging
 - Level 1.5 Stealth
 + Level 3.6 Spellcasting
   Level 0.7 Conjurations
 * Level 3.5 Ice Magic


You had 8 spell levels left.
You knew the following spells:

 Your Spells              Type           Power        Failure   Level  Hunger
a - Freeze                Ice            ###.         3%          1    N/A

Dungeon Overview and Level Annotations

Branches:
Dungeon (4/15)             Temple (0/1) D:4

Altars:

Annotations:
D:2 Jessica
D:4 Pikel


Innate Abilities, Weirdness & Mutations

You do not eat or drink.
Your flesh is vulnerable to fire.
You are immune to poison.
Your flesh is cold resistant. (rC+)
You are immune to negative energy. (rN+++)
You are immune to unholy pain and torment.
You can survive without breathing.


Message History

* * * LOW HITPOINT WARNING * * *
Casting: Freeze (safe; 3% risk of failure)
Confirm with . or Enter, or press ? or * to list all spells.
Aiming: Freeze (safe; 3% risk of failure)
Press: ? - help, Shift-Dir - straight line, f/p - worker ant
Aim: a worker ant (lightly wounded)
You freeze the worker ant.
The worker ant is moderately wounded.
The worker ant bites you.
* * * LOW HITPOINT WARNING * * *
Unknown command.
Casting: Freeze (safe; 3% risk of failure)
Confirm with . or Enter, or press ? or * to list all spells.
Aiming: Freeze (safe; 3% risk of failure)
Press: ? - help, Shift-Dir - straight line, f/p - worker ant
Aim: a worker ant (moderately wounded)
You freeze the worker ant.
The worker ant is heavily wounded.
The worker ant bites you.
You die...

**,,..####..##....,**,,***,,,*
***,.............***,,*****,*
*,**#..........#* *,,,**,,**
*##*##a........#***,,,***,*
#.##...........,,,,,,,*,,*
#..#..........#****,..,,,**
**,#..........## **.#**,,*
*,###...##....## *#.* *,,*
#.#.%.####....@## *.#* *,,**
#......##....##a####.# **,,*
#.####..#..#####..#..# **..**
* #,* #....## ##...#**#...* *
*,* #.....## ##..##....$* **
*** *#..##..## ##........***,
*#...###.a## ##.........*,,,
**#....# ##..###a..##...#.,,,,
***,####.#*
##..#.####**.##****,


You could see a worker ant.

Vanquished Creatures
  A hound skeleton (D:4)
  An adder skeleton (D:2)
  2 dart slugs
  An orc (D:4)
  3 bats
  3 giant cockroaches
  3 goblins
  4 hobgoblins
  4 jackals
  2 kobolds
  A quokka (D:4)
  2 ball pythons (D:4)
  2 frilled lizards
  5 rats
34 creatures vanquished.

Vanquished Creatures (others)
  9 toadstools (D:3)
9 creatures vanquished.

Grand Total: 43 creatures vanquished

Notes
Turn   | Place    | Note
-------+----------+-------------------------------------------
     0 | D:1      | 4thArraOfDagon the Mummy Ice Elementalist began the quest for the Orb.
     0 | D:1      | Reached XP level 1. HP: 13/13 MP: 4/4
   144 | D:1      | Reached XP level 2. HP: 18/19 MP: 6/6
   217 | D:2      | Noticed Jessica
   550 | D:3      | Reached XP level 3. HP: 23/24 MP: 2/7
   730 | D:4      | Noticed an ogre
   779 | D:4      | Noticed Pikel
   780 | D:4      | Noticed a slave
   794 | D:4      | Noticed a slave
   832 | D:4      | Slain by a worker ant

Vault maps used:
D:1:      dpeg_arrival_boxorama, st_stairs_7
D:2:      trog_book, uniq_jessica
D:3:      cheibrodos_fertilizer, okawaru_altar_gauntlet_db,
          uniq_crazy_yiuf_cottage
D:4:      temple_statues, serial_shops, shop_statue, shop_fountains, shop,
          first_ration, uniq_ijyb, uniq_pikel

Skill      XL: |  1  2 |
---------------+-------+-----
Spellcasting   | 3 |  3.6
Ice Magic      | 3 |  3.5
Dodging        | |  1.5
Stealth        | |  1.5
Conjurations   | |  0.7

Action                   || total
-------------------------++-------
Melee: Spear             ||    60
       Scimitar          ||     8
 Cast: Freeze            ||    35
  Use: Scroll            ||     3
 Stab: Sleeping          ||     2
Armor: Robe              ||    19
Dodge: Dodged            ||    61
       Rpst.: Scimitar   ||     3

Table legend:
 A = Spawn XP
 B = Non-spawn XP
 C = Spawn XP percentage of total XP
 D = Spawn monster count
 E = Non-spawn monster count
 F = Spawn count percentage of total count
 G = Total turns spent on level
                    A         B        C        D         E        F      G
               +---------+---------+-------+---------+---------+-------+---------
         Total |       0 |      82 |   0.0 |       0 |      34 |   0.0 |   832
               +---------+---------+-------+---------+---------+-------+---------
           D:1 |       0 |      20 |   0.0 |       0 |      11 |   0.0 |   208
           D:2 |       0 |      18 |   0.0 |       0 |       8 |   0.0 |   331
           D:3 |       0 |      17 |   0.0 |       0 |       9 |   0.0 |   155
           D:4 |       0 |      27 |   0.0 |       0 |       6 |   0.0 |   138
               +---------+---------+-------+---------+---------+-------+---------
